 Dungeon Crawl Stone Soup version 0.31-a0-150-g89dc3ad700 (webtiles) character file.

Game seed: 12027880075566638364

1040 qw the Skirmisher (level 8, 0/70 HPs)
             Began as a Minotaur Hunter on June 8, 2023.
             Was a Follower of Okawaru.
             Succumbed to a hornet's poison
             ... on level 5 of the Dungeon.
             The game lasted 00:01:35 (4962 turns).

qw the Skirmisher (Minotaur Hunter)                 Turns: 4962, Time: 00:01:35

Health: 0/70       AC:  3    Str: 16    XL:     8   Next: 4%
Magic:  5/7        EV: 16    Int:  6    God:    Okawaru [*.....]
Gold:   190        SH:  0    Dex: 16    Spells: 7/7 levels left

rFire   . . .        Y - +0 shortbow
rCold   + . .        (shield currently unavailable)
rNeg    . . .        e - +1 robe {rC+}
rPois   .            (helmet restricted)
rElec   .            (no cloak)
rCorr   .            (no gloves)
SInv    .            (no boots)
Will    .....        (no amulet)
Stlth   +++          (no ring)
HPRegen 0.31/turn    (no ring)
MPRegen 0.10/turn

%: no passive effects
@: lethally poisoned (0 -> -18), heroic, slowed, very slow
A: horns 2, retaliatory headbutt
a: Renounce Religion, Heroism


You were on level 5 of the Dungeon.
You worshipped Okawaru.
Okawaru was aware of your devotion.
You visited 1 branch of the dungeon, and saw 5 of its levels.

You collected 190 gold pieces.


Innate Abilities, Weirdness & Mutations

You have a pair of horns on your head.
You reflexively headbutt those who attack you in melee.


   Skills:
 - Level 6.0(11.0) Fighting
 + Level 9.5(14.5) Ranged Weapons
 - Level 3.2(8.2) Dodging
 - Level 0.7(5.7) Stealth
 + Level 1.0 Invocations


You had 7 spell levels left.
You didn't know any spells.
Your spell library was empty.

Inventory:

Hand Weapons
 Y - a +0 shortbow (weapon)
Armour
 a - a +0 ring mail
 e - a +1 robe of cold resistance (worn)
Jewellery
 i - a ring of protection from fire
Scrolls
 c - a scroll of amnesia {unknown}
 g - a scroll of identify {unknown}
 j - a scroll of blinking {unknown}
Potions
 b - a potion of enlightenment {unknown}
 d - a potion of might {unknown}
 f - 2 potions of curing
 h - 2 potions of haste

Dungeon Overview and Level Annotations

Branches:
Dungeon (5/15)
 Temple: D:4-7

Altars:
Ashenzari
Elyvilon
Okawaru
Wu Jian
Zin
The Shining One

Annotations:
D:4 2 transporters, qw's ghost, weakling MiHu


Message History

You shoot an arrow. The arrow hits the ogre!
You kill the ogre!
Okawaru accepts your kill.
You can now gain great but temporary skills.
You feel sick.
You are no longer poisoned.
You have reached level 8!
You feel stronger.
You start resting.
You feel like a meek peon again.
A hornet comes into view.
4955 ||| INVOKING Heroism.
You gain the combat prowess of a mighty hero.
You shoot an arrow. The arrow misses the hornet.
The hornet buzzes angrily.
You shoot an arrow.
The arrow hits the hornet but does no damage.
You shoot an arrow. The arrow hits the hornet.
The hornet is lightly wounded.
The hornet closely misses you.
You shoot an arrow.
The arrow hits the hornet but does no damage.
The hornet is lightly wounded.
You hear an angry hiss.
The hornet stings you!
You are poisoned.
You feel yourself slow down.
A jelly comes into view.
You shoot an arrow. The arrow misses the hornet.
The jelly quivers.
You feel sick.
The hornet stings you but does no damage.
You shoot an arrow. The arrow hits the hornet.
The hornet is moderately wounded.
You feel sick. The hornet stings you!
You are more poisoned.
You feel as though you will be slow longer.
The hornet stings you but does no damage.
You shoot an arrow. The arrow misses the hornet.
The arrow hits the jelly.
The jelly is moderately wounded.
You die...

.###.#.#.#.#
#.#.###.......... .#
#.#.#.#.# #.#.##...........
.#
#...#.#.###.#.##...........
.#
#####.#.......#...########.
.# #...#.#.####.##..## ##
#.#.#.#.####.#...#
####.#.#.#.%.)....##[.#
...#.#.#.####.##..# .##
####.#...# ....#@## ##
.###.########.##.y..#
...#.#...# ...#.#..#
.###.#.#.# #..#.##.# .#
#.#.#.# ##.#.. ..# .#
#.#.#.# .##. .J# .# #...#.#
. ... ## #####.# #. #.8
#...#.#


You could see a hornet and a jelly.

Vanquished Creatures
  A black bear (D:3)
  An ogre (D:5)
  3 scorpions (D:5)
  A killer bee (D:5)
  3 hounds
  5 jellies
  2 orc priests (D:4)
  Natasha (thrice) (D:3)
  2 orc wizards
  7 gnolls
  6 adders
  An ufetubus (D:5)
  2 worms
  A dart slug (D:3)
  20 orcs
  2 endoplasms
  2 giant cockroaches
  4 goblins
  4 hobgoblins
  7 jackals
  A quokka (D:4)
  9 ball pythons
  3 bats
  4 kobolds
  4 rats
98 creatures vanquished.

Notes
Turn   | Place    | Note
-------+----------+-------------------------------------------
     0 | D:1      | qw the Minotaur Hunter began the quest for the Orb.
     0 | D:1      | Reached XP level 1. HP: 18/18 MP: 0/0
     0 | D:1      | 0 ||| qw: Version: 0.2-a-119-g0488c42
     0 | D:1      | 0 ||| qw: Game counter: 2698
     0 | D:1      | 0 ||| qw: Always use a shield: true
     0 | D:1      | 0 ||| qw: God list: Okawaru
     0 | D:1      | 0 ||| qw: Allow faded altars: false
     0 | D:1      | 0 ||| qw: Do Orc after D:15 true
     0 | D:1      | 0 ||| qw: Do second Lair branch before Depths: true
     0 | D:1      | 0 ||| qw: Lair rune preference: random
     0 | D:1      | 0 ||| qw: Plans: Normal
     0 | D:1      | 0 ||| PLANNING D:1-11
   462 | D:1      | You fall into a shaft and drop 1 floor!
   551 | D:2      | Reached skill level 5 in Ranged Weapons
   551 | D:2      | Reached XP level 2. HP: 25/25 MP: 1/1
   695 | D:2      | Reached skill level 3 in Fighting
   705 | D:2      | 705 ||| READING scroll labelled WIYHYIK SIMPA.
   706 | D:2      | 706 ||| DRINKING 2 inky potions.
   707 | D:2      | 707 ||| DROPPING scroll of butterflies.
   966 | D:1      | 966 ||| READING scroll labelled RIM LOTIPUAM.
  1085 | D:2      | Reached XP level 3. HP: 31/31 MP: 2/2
  1103 | D:2      | Found an ornate altar of the Wu Jian Council.
  1630 | D:2      | 1630 ||| UPGRADING to +1 robe of cold resistance.
  1640 | D:2      | 1640 ||| READING scroll labelled DITOTHR OCANYRR.
  1694 | D:3      | 1694 ||| Stepping ~*~*~tactically~*~*~ (outnumbered).
  1710 | D:3      | Reached skill level 6 in Ranged Weapons
  1710 | D:3      | Reached XP level 4. HP: 19/38 MP: 3/3
  1967 | D:3      | 1967 ||| Stepping ~*~*~tactically~*~*~ (outnumbered).
  2060 | D:3      | Noticed a black bear
  2070 | D:3      | HP: 9/40 [black bear (4)]
  2070 | D:3      | HP: 4/40 [black bear (5)]
  2071 | D:3      | Killed a black bear
  2072 | D:3      | Reached XP level 5. HP: 5/48 MP: 4/4
  2377 | D:3      | Noticed Natasha
  2380 | D:3      | Found a broken altar of Ashenzari.
  2381 | D:3      | Killed Natasha
  2416 | D:3      | HP: 12/48 [gnoll/+0 spear (6)]
  2417 | D:3      | HP: 2/48 [gnoll/+0 flail (10)]
  2420 | D:3      | 2420 ||| FLEEEEING.
  2421 | D:3      | 2421 ||| FLEEEEING.
  2422 | D:3      | 2422 ||| FLEEEEING.
  2423 | D:3      | 2423 ||| FLEEEEING.
  2618 | D:3      | Found an iron altar of Okawaru.
  2619 | D:3      | 2619 ||| PLANNING OKAWARU WORSHIP
  2619 | D:3      | 2619 ||| DROPPING +0 leather armour.
  2620 | D:3      | 2620 ||| READING scroll labelled GURIUM UJIY.
  2621 | D:3      | 2621 ||| READING scroll labelled CINAEC USEX.
  2705 | D:3      | Became a worshipper of Warmaster Okawaru
  2705 | D:3      | 2705 ||| PLANNING D:1-11
  2705 | D:3      | Noticed Natasha
  2714 | D:3      | Killed Natasha
  2715 | D:3      | Reached XP level 6. HP: 56/56 MP: 5/5
  2814 | D:3      | Found an ornate altar of the Wu Jian Council.
  3260 | D:3      | 3260 ||| READING scroll labelled SIH ATATUTE.
  3261 | D:3      | 3261 ||| DRINKING 3 fizzy golden potions.
  3267 | D:3      | Noticed Natasha
  3270 | D:3      | Killed Natasha
  3284 | D:4      | Found a transporter.
  3305 | D:4      | Reached skill level 7 in Ranged Weapons
  3311 | D:4      | 3311 ||| FLEEEEING.
  3312 | D:4      | 3312 ||| FLEEEEING.
  3313 | D:4      | 3313 ||| FLEEEEING.
  3318 | D:4      | 3318 ||| FLEEEEING.
  3319 | D:4      | 3319 ||| FLEEEEING.
  3329 | D:4      | 3329 ||| STAIRDANCE
  3362 | D:4      | 3362 ||| STAIRDANCE
  3452 | D:4      | Reached skill level 3 in Dodging
  3517 | D:4      | Found a white marble altar of Elyvilon.
  3517 | D:4      | Found a glowing golden altar of the Shining One.
  3517 | D:4      | Found a glowing silver altar of Zin.
  3563 | D:4      | Noticed qw's ghost (weakling MiHu)
  3679 | D:4      | 3679 ||| FLEEEEING.
  3680 | D:4      | 3680 ||| FLEEEEING.
  3859 | D:4      | Found a transporter.
  3870 | D:4      | Reached XP level 7. HP: 61/61 MP: 6/6
  3985 | D:4      | Reached skill level 8 in Ranged Weapons
  4613 | D:5      | Entered Level 5 of the Dungeon
  4692 | D:5      | Reached * piety under Okawaru
  4817 | D:5      | 4817 ||| INVOKING Heroism.
  4864 | D:5      | Reached skill level 9 in Ranged Weapons
  4876 | D:5      | Reached skill level 1 in Invocations
  4898 | D:5      | 4898 ||| INVOKING Heroism.
  4900 | D:5      | 4900 ||| INVOKING Heroism.
  4926 | D:5      | Reached skill level 6 in Fighting
  4927 | D:5      | 4927 ||| INVOKING Heroism.
  4939 | D:5      | Reached XP level 8. HP: 30/70 MP: 4/7
  4954 | D:5      | Noticed a hornet
  4955 | D:5      | 4955 ||| INVOKING Heroism.
  4961 | D:5      | HP: 4/70 [hornet (14)]
  4962 | D:5      | Succumbed to a hornet's poison

Levels and vault maps discovered:
D:1:      erik_arrival_orb_chamber, layout_loops_ring, kennysheep_another_room
D:2:      layout_loops_corners, basic_altar
D:3:      layout_basic, mainiacjoe_overflow_cross_hatched, lemuel_round_altar,
          overflow_temple_1_default, minmay_hedge_maze, uniq_natasha
D:4:      layout_basic, good_gods_mini_temple, gammafunk_ghost_arena,
          minmay_misc_feat_tiny
D:5:      layout_basic, xom_teletrap_fun, lemuel_round_altar,
          roderic_serpentine_path, nzn_random_ring

Skill      XL: |  1  2  3  4  5  6  7 |
---------------+----------------------+-----
Ranged Weapons | 5 6 7 9 |  9.5
Fighting       | 3 5 6 |  6.0
Dodging        | 3 |  3.2
Invocations    | 1 |  1.0
Stealth        | |  0.7

Action                     |  1- 3 |  4- 6 |  7- 9 || total
---------------------------+-------+-------+-------++-------
   Fire: Shortbow          |    77 |   159 |   128 ||   364
 Invoke: Heroism           |       |       |     4 ||     4
    Use: Scroll            |     3 |     3 |       ||     6
         Potion            |     1 |     1 |       ||     2
 Armour: Robe              |       |    13 |     6 ||    19
  Dodge: Dodged            |     9 |    49 |    27 ||    85

Table legend:
 A = Non-vault XP
 B = Vault XP
 C = Vault XP percentage of total XP
 D = Non-vault monster count
 E = Vault monster count
 F = Vault count percentage of total count
                 A         B        C        D         E       F
            +---------+---------+-------+---------+---------+-------
      Total |    1005 |     481 |  32.4 |      89 |       9 |   9.2
            +---------+---------+-------+---------+---------+-------
        D:1 |       8 |       0 |   0.0 |       6 |       0 |   0.0
        D:2 |      47 |       0 |   0.0 |      12 |       0 |   0.0
        D:3 |     347 |      35 |   9.2 |      28 |       1 |   3.4
        D:4 |     426 |       0 |   0.0 |      37 |       0 |   0.0
        D:5 |     177 |     446 |  71.6 |       6 |       8 |  57.1
            +---------+---------+-------+---------+---------+-------
